 Dungeon Crawl Stone Soup version 0.19.4-9-g45fd643 (webtiles) character file.

17108 equalderp2856 the Gouger (level 12, -11/50 HPs)
             Began as a Felid Fighter on Feb 16, 2017.
             Mangled by a reaper
             ... wielding a +1 scythe of freezing
              (25 damage)
             ... in an ice cave.
             The game lasted 04:35:21 (46748 turns).

equalderp2856 the Gouger (Felid Fighter)           Turns: 46748, Time: 04:35:22

Health: -11/50     AC:  3    Str: 15    XL:     12   Next: 16%
Magic:  0/27       EV: 25    Int: 11    God:
Gold:   929        SH:  0    Dex: 18    Spells: 5 memorised, 18 levels left
                                        Lives:  0   Deaths: 4

rFire  . . .     SeeInvis +       - Unarmed
rCold  + . .     Gourm    .     (armour unavailable)
rNeg   . . .     Faith    .     (shield unavailable)
rPois  .         Spirit   +     (helmet unavailable)
rElec  .         Reflect  .     (cloak unavailable)
rCorr  .         Harm     .     (gloves unavailable)
MR     +....                    (boots unavailable)
Stlth  +++++.....               c - amulet of guardian spirit
                                s - ring of wizardry
                                n - +2 ring of strength

@: about to teleport, quick
A: no armour, no weapons or thrown items, stealth, claws 1, fangs 3, see
invisible, blink, carnivore 3, speed 1, shaggy fur 3, slow metabolism 1, sharp
paws
a: Blink


You were in an ice cave.
You were not hungry.

You visited 3 branches of the dungeon, and saw 18 of its levels.
You visited the Abyss 1 time.
You also visited: Ice Cave.

You collected 945 gold pieces.
You spent 16 gold pieces at shops.

Inventory:

Missiles
 d - 146 bolts
 H - 419 arrows
Jewellery
 c - an amulet of guardian spirit (around neck)
 n - a +2 ring of strength (left paw)
 s - a ring of wizardry (right paw)
 w - an uncursed ring of flight
 x - the ring of Ylin {*Corrode rPois rC+ EV+3 SInv}
   (You found it on level 7 of the Dungeon)

   [ring of evasion]

   It affects your evasion (+3).
   It protects you from cold.
   It protects you from poison.
   It lets you see invisible.
   It may corrode you when you take damage.
 D - a +3 ring of strength
 J - an uncursed ring of poison resistance
 L - an uncursed ring of protection from magic
 N - an uncursed amulet of guardian spirit
Wands
 o - a wand of paralysis (9/24)
 p - a wand of lightning (7/15)
 v - a wand of paralysis (10/24)
 y - a wand of flame (48/48)
 z - a wand of digging (10/24)
 A - a wand of lightning (8/15)
 B - a wand of lightning (7/15)
 F - a wand of lightning (6/15)
 G - a wand of digging (13/24)
 M - a wand of lightning (10/15)
 V - a wand of flame (31/48)
Scrolls
 e - 3 scrolls of enchant weapon
 f - 13 scrolls of identify
 g - 7 scrolls of amnesia
 h - 8 scrolls of remove curse
 k - 2 scrolls of recharging
 q - 4 scrolls of teleportation
 C - a scroll of random uselessness
 P - a scroll of fear {unknown}
 T - a scroll of holy word {unknown}
 U - a scroll of fog
 W - a scroll of vulnerability {unknown}
 X - a scroll of torment {unknown}
Potions
 a - 4 potions of might
 l - 3 potions of agility
 m - a potion of cure mutation
 O - a potion of flight
 R - a potion of degeneration
Books
 i - Hukk's Guide on Curses and Creation
   (You acquired it on level 1 of the Lair of Beasts)

   Spells                             Type                      Level
   a - Ensorcelled Hibernation        Hexes/Ice                    2
   b - Cause Fear                     Hexes                        4
   c - Summon Demon                   Summoning                    5
   d - Darkness                       Hexes                        6
   e - Spellforged Servitor           Conjuration/Summoning        7
 r - a book of Battle

   Spells                             Type                      Level
   a - Infusion                       Charms                       1
   b - Shroud of Golubria             Charms/Translocation         2
   c - Song of Slaying                Charms                       2
   d - Spectral Weapon                Hexes/Charms                 3
   e - Regeneration                   Charms/Necromancy            3
 t - a Fen Folio

   Spells                             Type                      Level
   a - Corpse Rot                     Necromancy                   2
   b - Stone Arrow                    Conjuration/Earth            3
   c - Leda's Liquefaction            Hexes/Earth                  4
   d - Summon Forest                  Summoning/Translocation      5
   e - Hydra Form                     Transmutation                6
   f - Summon Hydra                   Summoning                    7
 u - a book of Changes

   Spells                             Type                      Level
   a - Beastly Appendage              Transmutation                1
   b - Sticks to Snakes               Transmutation                2
   c - Spider Form                    Transmutation/Poison         3
   d - Ice Form                       Ice/Transmutation            4
   e - Blade Hands                    Transmutation                5
 K - a book of Flames

   Spells                             Type                      Level
   a - Flame Tongue                   Conjuration/Fire             1
   b - Throw Flame                    Conjuration/Fire             2
   c - Conjure Flame                  Conjuration/Fire             3
   d - Inner Flame                    Hexes/Fire                   3
   e - Sticky Flame                   Conjuration/Fire             4
   f - Fireball                       Conjuration/Fire             5
Comestibles
 b - 6 meat rations
 j - 6 bread rations
 E - 3 fruits
 I - 2 beef jerkies
 Q - 7 royal jellies


   Skills:
 - Level 4.4 Fighting
 - Level 8.9 Dodging
 - Level 11.4 Stealth
 - Level 12.8 Unarmed Combat
 - Level 10.6 Spellcasting
 - Level 3.0 Conjurations
 - Level 6.8 Hexes
 + Level 8.5 Summonings
 - Level 5.5 Transmutations
 - Level 2.7 Fire Magic
 - Level 3.4 Ice Magic


You had 18 spell levels left.
You knew the following spells:

 Your Spells              Type           Power        Failure   Level  Hunger
a - Sticks to Snakes      Tmut           ###.....     1%          2    None
b - Throw Flame           Conj/Fire      ##....       2%          2    None
c - Conjure Flame         Conj/Fire      ##......     4%          3    ##.....
d - Ensorcelled Hibernat  Hex/Ice        ###...       1%          2    None
e - Summon Demon          Summ           ###.......   4%          5    #####..


Dungeon Overview and Level Annotations

Branches:
Dungeon (13/15)            Temple (1/1) D:5            Lair (4/6) D:8
  Swamp (0/4) Lair:3       Spider (0/4) Lair:4          Orc (0/2) D:9
 Vaults: D:13-14

Altars:
Ashenzari
Cheibriados
Dithmenos
Elyvilon
Fedhas
Gozag
Hepliaklqana
Kikubaaqudgha
Makhleb
Nemelex Xobeh
Okawaru
Qazlal
Ru
Sif Muna
Trog
Uskayaw
Vehumet
Xom
Yredelemnul
Zin
The Shining One
Jiyva

Shops:
D:9 (   D:10 }   D:12 }:%!=

Annotations:
D:10 doot's ghost, journeyman HECK
Lair:4 1 exclusion


Innate Abilities, Weirdness & Mutations

You cannot wear armour.
You are incapable of wielding weapons or throwing items.
Your paws allow you to move quietly. (Stealth)
You have sharp claws.
You have razor-sharp teeth.
You have supernaturally acute eyesight. (SInv)
You are carnivorous and can eat meat at any time.
You cover ground quickly.
Your thick and shaggy fur keeps you warm. (AC +3, rC+)
You have a slow metabolism.
Your sharp claws are effective at attacking unaware monsters.
You can translocate small distances at will.


Message History

The reaper hits you with a +1 scythe of freezing!!
* * * LOW HITPOINT WARNING * * *
The reaper freezes you.
* * * LOW HITPOINT WARNING * * *
As you read the scroll of teleportation, it crumbles to dust.
You feel strangely unstable.
Found three items.
Your surroundings suddenly seem different.
As you read the scroll of teleportation, it crumbles to dust.
You feel strangely unstable.
You enter the shallow water.
Moving in this stuff is going to be slow.
Your surroundings suddenly seem different.
Found a runed demon blade and a crystal plate armour of cold resistance.
A white imp comes into view.
As you read the scroll of teleportation, it crumbles to dust.
You feel strangely unstable.
The reaper hits you from afar with a +1 scythe of freezing!!
Ouch! That really hurt!
You die...

##### #.. ##...##
##§ ##.....# #.
##### #......## ##
#...####.......# #
#.).##.#...##..##
# 5..#..##..#.§..#
# #.###..#†##.#§§#
#@#.#..#2#..##§##
#).#..........#.§#
#[.2...........§.#
#?.#..####...#§§.#
##.#.........#.§§#
#.##........#§§§##
...#...#..###§§§§#
.[.##..#.##§§§§§§#
#..#.#..§§§#§§


You could see a reaper and a white imp (sleeping).

Vanquished Creatures
  Erolcha (D:10)
  7 hydras
  An unseen horror (D:10)
  A hill giant (D:11)
  3 ugly things
  A black mamba (Lair:3)
  6 spiny frogs
  2 ice devils (IceCv)
  A komodo dragon (Lair:2)
  A rime drake (Lair:2)
  7 trolls
  A polar bear (Lair:3)
  3 hornets
  Prince Ribbit (D:8)
  5 slime creatures
  15 blink frogs
  A two-headed ogre (D:11)
  8 hippogriffs
  A wraith (D:12)
  3 fire bats (Lair:3)
  A basilisk (D:11)
  35 yaks
  2 wyverns
  3 hungry ghosts
  A mottled dragon (D:11)
  A soldier ant (D:12)
  4 water moccasins
  7 porcupines
  3 black bears
  3 orc warriors
  2 ice beasts
  A necrophage (D:12)
  4 sky beasts
  4 phantoms
  6 wolves
  15 centaurs
  8 ogres
  The ghost of Kosschaser the Shooter, an amateur HEHu (D:3)
  9 crocodiles
  A big kobold (D:11)
  13 bullfrogs
  Blork the orc (D:6)
  8 scorpions
  8 killer bees
  5 wights (D:6)
  An electric eel (Lair:3)
  9 howler monkeys
  7 crimson imps
  2 quasits
  2 centaur zombies
  13 jellies
  3 centaur skeletons
  5 hounds
  7 orc priests
  2 bullfrog skeletons
  A gnoll shaman (D:6)
  3 iguanas
  6 orc wizards
  A killer bee zombie (D:10)
  17 worker ants
  2 hound skeletons
  A worker ant zombie (D:10)
  Robin (D:2)
  6 gnolls
  A howler monkey skeleton (D:7)
  14 adders
  7 shadow imps
  6 white imps (IceCv)
  4 ufetubi (IceCv)
  5 oozes (D:10)
  2 adder zombies
  An adder skeleton (D:8)
  8 worms
  5 dart slugs
  8 leopard geckos
  44 orcs
  2 ball pythons
  12 bats
  9 giant cockroaches
  18 goblins
  15 hobgoblins
  12 jackals
  12 kobolds
  5 quokkas
  10 frilled lizards
  A leopard gecko skeleton (D:8)
  A quokka skeleton (D:5)
  2 quokka zombies
  9 rats
517 creatures vanquished.

Vanquished Creatures (collateral kills)
  2 ice statues (IceCv)
  Psyche (D:9)
  A spiny frog (Lair:1)
  3 ice devils (IceCv)
  A crocodile (Lair:1)
  A killer bee (D:8)
  A quasit (D:9)
  A white imp (IceCv)
  An ufetubus (IceCv)
12 creatures vanquished.

Vanquished Creatures (others)
  7 ufetubi (IceCv)
  12 fungi
  8 plants
27 creatures vanquished.

Grand Total: 556 creatures vanquished

Notes
Turn   | Place    | Note
-------+----------+-------------------------------------------
     0 | D:1      | equalderp2856 the Felid Fighter began the quest for the Orb.
     0 | D:1      | Reached XP level 1. HP: 10/10 MP: 2/2
   227 | D:1      | Reached XP level 2. HP: 7/14 MP: 3/3
  1177 | D:1      | Reached XP level 3. HP: 17/17 MP: 4/4
  1717 | D:2      | Noticed Robin
  2028 | D:2      | Reached skill level 5 in Unarmed Combat
  2045 | D:2      | Killed Robin
  2045 | D:2      | Reached XP level 4. HP: 21/21 MP: 5/5
  2429 | D:2      | Found an ancient bone altar of Kikubaaqudgha.
  3292 | D:3      | Reached skill level 1 in Stealth
  3305 | D:3      | Reached XP level 5. HP: 13/24 MP: 6/6
  3773 | D:3      | Reached skill level 6 in Unarmed Combat
  4072 | D:3      | Reached skill level 5 in Dodging
  4072 | D:3      | Gained mutation: You are covered in thick fur. (AC +2) [Felid growth]
  4072 | D:3      | Reached XP level 6. HP: 27/28 MP: 7/7
  4125 | D:3      | Found a burning altar of Makhleb.
  4223 | D:3      | Noticed Kosschaser's ghost (amateur HEHu)
  4232 | D:3      | Found a faded altar of an unknown god.
  5272 | D:4      | Found a stormy altar of Qazlal.
  5701 | D:5      | Entered Level 5 of the Dungeon
  6029 | D:5      | Found a shattered altar of Ashenzari.
  6692 | D:5      | Found a staircase to the Ecumenical Temple.
  6782 | D:5      | Reached skill level 7 in Unarmed Combat
  6854 | Temple   | Entered the Ecumenical Temple
  7420 | D:6      | Reached XP level 7. HP: 24/31 MP: 8/8
  7446 | D:6      | Found a shimmering altar of Xom.
  7549 | D:6      | Reached skill level 5 in Stealth
  7581 | D:6      | Noticed Blork the orc
  7755 | D:7      | Got a scorched steel ring
  8095 | D:6      | Reached skill level 8 in Unarmed Combat
  8095 | D:6      | Reached XP level 8. HP: 27/34 MP: 9/9
  8336 | D:6      | Found a shimmering altar of Xom.
  8338 | D:6      | Found a hazy altar of Hepliaklqana.
  8467 | D:6      | Found a shadowy altar of Dithmenos.
  9695 | D:5      | Found a deep blue altar of Sif Muna.
  9695 | D:5      | Found a burning altar of Makhleb.
  9698 | D:5      | Found a radiant altar of Vehumet.
 10405 | D:5      | Reached skill level 9 in Unarmed Combat
 11902 | D:5      | Reached XP level 9. HP: 30/38 MP: 10/10
 12469 | D:3      | Learned a level 2 spell: Sticks to Snakes
 12546 | D:3      | Killed Kosschaser's ghost
 12956 | D:3      | Identified the ring of Ylin {*Corrode rPois rC+ EV+3 SInv} (You found it on level 7 of the Dungeon)
 14359 | D:8      | Reached skill level 10 in Unarmed Combat
 14359 | D:8      | Reached skill level 1 in Spellcasting
 14513 | D:8      | Found a staircase to the Lair.
 15607 | D:8      | Learned a level 2 spell: Throw Flame
 15723 | D:8      | Slain by a killer bee
 15724 | D:8      | Reached XP level 8. HP: -3/35 MP: 0/12
 16475 | D:8      | Killed a hornet
 16491 | D:9      | Noticed Psyche
 16546 | D:8      | Reached XP level 9. HP: 26/39 MP: 1/15
 16990 | D:8      | Reached skill level 1 in Conjurations
 17054 | D:8      | Reached skill level 1 in Fire Magic
 17297 | D:9      | Found a staircase to the Orcish Mines.
 17473 | D:9      | Found Jaotuell's Weapon Shoppe.
 17478 | D:9      | Noticed Prince Ribbit
 17515 | D:8      | Killed Prince Ribbit
 17786 | D:10     | Entered Level 10 of the Dungeon
 17959 | D:9      | Killed Psyche
 17959 | D:9      | Reached skill level 11 in Unarmed Combat
 18983 | D:10     | Reached skill level 5 in Spellcasting
 18993 | D:10     | Noticed Erolcha
 19537 | D:10     | Found a viscous altar of Jiyva.
 19582 | D:10     | Noticed doot's ghost (journeyman HECK)
 19906 | D:10     | Reached skill level 1 in Transmutations
 19906 | D:10     | Reached XP level 10. HP: 41/42 MP: 18/18
 20644 | D:8      | HP: 2/42 [poisoned by an orc warrior]
 20645 | D:8      | Gained mutation: You possess an exceptional clarity of mind. [potion of beneficial mutation]
 20645 | D:8      | Succumbed to an orc warrior's poison
 20646 | D:8      | Reached XP level 9. HP: 0/39 MP: 8/18
 21396 | D:8      | Reached skill level 10 in Stealth
 22196 | D:10     | Found Guam's Gadget Shoppe.
 22433 | D:10     | Paralysed by a hornet for 2 turns
 22785 | D:11     | Noticed a hill giant
 22861 | D:10     | Noticed a troll
 23347 | D:10     | Killed a troll
 23347 | D:10     | Reached XP level 10. HP: 26/42 MP: 1/20
 23718 | Lair:1   | Entered Level 1 of the Lair of Beasts
 23833 | Lair:1   | Noticed an eight-headed hydra
 23975 | Lair:1   | Gained mutation: Your magical capacity is low. (-10% MP) [potion of mutation]
 23975 | Lair:1   | Gained mutation: You can translocate small distances at will. [potion of mutation]
 23975 | Lair:1   | Gained mutation: You have a pair of small horns on your head. [potion of mutation]
 23999 | Lair:1   | HP: 3/63 [poisoned by a water moccasin]
 24004 | Lair:1   | HP: 3/63 [poisoned by a water moccasin]
 24010 | Lair:1   | HP: 3/63 [poisoned by a water moccasin]
 24016 | Lair:1   | HP: 3/63 [poisoned by a water moccasin]
 24315 | Lair:1   | Lost mutation: Your magical capacity is low. (-10% MP) [potion of cure mutation]
 24315 | Lair:1   | Lost mutation: You possess an exceptional clarity of mind. [potion of cure mutation]
 24315 | Lair:1   | Lost mutation: You have a pair of small horns on your head. [potion of cure mutation]
 24416 | Lair:1   | Noticed a spiny frog
 24438 | Lair:1   | Killed a spiny frog
 25038 | Lair:2   | Noticed a spiny frog
 25563 | Lair:1   | Noticed a spiny frog
 25587 | Lair:1   | Killed a spiny frog
 26494 | Lair:2   | Reached skill level 5 in Transmutations
 27115 | Lair:1   | Reached XP level 11. HP: 34/46 MP: 14/23
 27328 | Lair:2   | Noticed a four-headed hydra
 27345 | Lair:2   | Reached skill level 12 in Unarmed Combat
 27365 | Lair:1   | Identified a scroll of acquirement
 27365 | Lair:1   | Identified Hukk's Guide on Curses and Creation (You acquired it on level 1 of the Lair of Beasts)
 27366 | Lair:1   | HP: 2/46 [poisoned by a spiny frog]
 27373 | Lair:1   | Succumbed to a spiny frog's poison
 27374 | Lair:1   | Reached XP level 10. HP: 0/43 MP: 20/22
 28017 | Lair:1   | Learned a level 3 spell: Conjure Flame
 28020 | Lair:1   | Learned a level 2 spell: Ensorcelled Hibernation
 28126 | Lair:1   | Learned a level 5 spell: Summon Demon
 28783 | Lair:2   | Killed a spiny frog
 28783 | Lair:2   | Reached skill level 1 in Summonings
 29224 | Lair:2   | Killed a four-headed hydra
 29718 | Lair:2   | Reached skill level 1 in Ice Magic
 29984 | Lair:3   | Noticed a spiny frog
 29985 | Lair:3   | Killed a spiny frog
 30043 | Lair:3   | Reached XP level 11. HP: 46/46 MP: 19/24
 30743 | Lair:3   | Noticed a four-headed hydra
 30746 | Lair:3   | Found a staircase to the Swamp.
 32179 | D:5      | Cast into level 2 of the Abyss (miscasting Summon Demon)
 32210 | D:5      | Escaped the Abyss
 32324 | D:6      | Killed Blork the orc
 33041 | D:10     | Killed Erolcha
 35035 | D:11     | Noticed a purple ugly thing
 35040 | D:11     | Killed a purple ugly thing
 35046 | D:11     | Noticed a white ugly thing
 35164 | D:10     | Noticed an unseen horror
 35204 | D:9      | Killed a white ugly thing
 35342 | D:10     | Killed an unseen horror
 36060 | D:11     | Killed a hill giant
 36448 | D:11     | Reached skill level 5 in Hexes
 36627 | D:11     | Gained mutation: Your thick and shaggy fur keeps you warm. (AC +3, rC+) [Felid growth]
 36627 | D:11     | Reached XP level 12. HP: 50/50 MP: 24/26
 36656 | D:11     | Reached skill level 10 in Spellcasting
 37168 | D:12     | Noticed a six-headed hydra
 37396 | D:12     | Noticed a seven-headed hydra
 37402 | D:12     | Reached skill level 5 in Summonings
 37922 | D:11     | Noticed a five-headed hydra
 38025 | D:11     | Killed a five-headed hydra
 38659 | D:12     | Found an iron altar of Okawaru.
 38983 | D:12     | Found Leadghim's Book Shop.
 38990 | D:12     | Killed a seven-headed hydra
 39573 | D:11     | Killed a six-headed hydra
 39704 | D:12     | Found Xifibanu's Food Shoppe.
 39706 | D:12     | Found Naaronymm's Distillery.
 39714 | D:12     | Found Tosenete's Jewellery Boutique.
 39722 | D:12     | Bought a potion of degeneration for 16 gold pieces
 40519 | D:12     | Found Maseifroro's Gadget Emporium.
 41491 | D:13     | Noticed a centaur warrior
 41600 | D:12     | Noticed a four-headed hydra
 41999 | D:12     | Killed a four-headed hydra
 42542 | D:11     | Noticed a deep elf high priest
 42633 | D:11     | Noticed a deep elf annihilator
 43056 | Lair:1   | Killed an eight-headed hydra
 44303 | Lair:3   | Killed a four-headed hydra
 44303 | Lair:3   | Reached XP level 13. HP: 54/54 MP: 24/28
 44933 | Lair:4   | Found a hole to the Spider Nest.
 45090 | Lair:4   | Found a frozen archway.
 45118 | IceCv    | Entered an ice cave
 46607 | IceCv    | Noticed a reaper
 46619 | IceCv    | Mangled by a reaper
 46620 | IceCv    | Reached XP level 12. HP: -6/50 MP: 0/27
 46748 | IceCv    | Mangled by a reaper

Skill      XL: |  1  2  3  4  5  6  7  8  9 10 11 12 13 |
---------------+----------------------------------------+-----
Unarmed Combat | 5 6 7 8 9 11 12 | 12.8
Stealth        | 1 2 4 6 8 10 11 | 11.4
Dodging        | 5 6 7 8 |  8.9
Spellcasting   | 3 6 8 9 10 | 10.6
Conjurations   | 2 3 |  3.0
Fire Magic     | 2 |  2.7
Transmutations | 3 5 |  5.5
Fighting       | 4 |  4.4
Summonings     | 2 4 7 8 |  8.5
Hexes          | 3 5 6 |  6.8
Ice Magic      | 1 2 3 |  3.4

Action                   |  1- 3 |  4- 6 |  7- 9 | 10-12 | 13-15 || total
-------------------------+-------+-------+-------+-------+-------++-------
Melee: Unarmed           |    97 |   248 |   549 |   722 |   104 ||  1720
       Bite              |     7 |    23 |    66 |    95 |     8 ||   199
       Punch             |       |     7 |    21 |    51 |     4 ||    83
 Cast: Throw Flame       |       |       |    92 |    83 |    14 ||   189
       Sticks to Snakes  |       |       |    48 |    75 |       ||   123
       Ensorcelled Hiber |       |       |       |   336 |    17 ||   353
       Conjure Flame     |       |       |       |    22 |     3 ||    25
       Summon Demon      |       |       |       |     7 |    26 ||    33
  Use: Potion            |     2 |     2 |       |    12 |     1 ||    17
       Scroll            |       |       |    13 |     9 |       ||    22
 Stab: Sleeping          |     1 |    17 |    23 |    75 |     5 ||   121
       Distracted        |       |     1 |     7 |     5 |     1 ||    14
  Eat: Chunk             |     9 |     7 |    18 |    54 |       ||    88
       Royal jelly       |       |       |     1 |     3 |     1 ||     5
       Meat ration       |       |       |     1 |     1 |     1 ||     3
Armor: Skin              |    13 |     8 |    17 |    15 |     2 ||    55
Dodge: Dodged            |   116 |   160 |   395 |   682 |   110 ||  1463
